Map: Tours du crépuscule

Players

pupu

  • Race: Protoss Protoss
  • League: Gold

meeeela - Winner!

  • Race: Terran Terran
  • League: Silver

VOD

Have the link to the VOD?

Description

Time

  • Played on: April 19, 2016, 11:30 a.m.
  • Length: 11:40
Show
View Real Time Build Order
Export as new Build Order

pupu Protoss 

Build Orders: 1 Gate Expand, Double Forge 

Get SALT Encoding   

  12  0:02  Probe (Chrono Boost)  
  13  0:12  Probe (Chrono Boost)  
  14  0:18  Pylon  
  14  0:23  Probe (Chrono Boost)  
  15  0:36  Probe (Chrono Boost)  
  15  0:37  Gateway  
  16  0:47  Probe (Chrono Boost)  
  17  0:50  Assimilator  
  17  0:57  Probe (Chrono Boost)  
  18  1:19  Nexus  
  18  1:27  Cybernetics Core  
  18  1:31  Probe (Chrono Boost)  
  19  1:38  Assimilator  
  19  1:41  Probe (Chrono Boost)  
  20  1:52  Probe (Chrono Boost)  
  21  2:04  Mothership Core (Chrono Boost)  
  23  2:13  Warp Gate (Chrono Boost)  
  23  2:18  Pylon  
  23  2:30  Probe, Stalker  
  23  2:35  Probe  
  27  2:40  Pylon  
  27  2:42  Probe  
  28  2:45  Probe  
  29  2:54  Probe  
  29  2:56  Probe  
  31  2:59  Robotics Facility  
  31  3:06  Probe  
  31  3:09  Probe  
  31  3:10  Gateway  
  33  3:19  Probe  
  34  3:20  Probe  
  34  3:25  Pylon  
  35  3:31  Probe  
  36  3:36  Gateway  
  36  3:41  Gateway  
  36  3:43  Probe  
  36  3:45  Probe  
  38  3:50  Observer  
  38  3:54  Probe  
  39  3:57  Probe  
  41  4:04  Probe  
  41  4:06  Pylon  
  41  4:09  Probe  
  43  4:13  Assimilator  
  43  4:15  Probe  
  43  4:16  Immortal  
  48  4:21  Probe  
  48  4:22  Stalker  
  51  4:25  Sentry  
  51  4:30  Probe  
  53  4:33  Probe  
  55  4:41  Probe, Pylon  
  55  4:44  Pylon  
  57  4:45  Probe  
  57  4:51  Probe  
  57  4:57  Probe, Forge x2  
  59  5:02  Probe  
  60  5:09  Probe  
  60  5:12  Probe  
  61  5:14  Immortal  
  61  5:18  Stalker x2  
  70  5:22  Probe  
  70  5:23  Probe  
  72  5:33  Probe, Pylon  
  72  5:34  Probe  
  74  5:42  Assimilator  
  74  5:44  Probe, Pylon  
  74  5:46  Probe  
  74  5:47  Pylon  
  76  5:52  Photon Cannon  
  76  5:55  Photon Cannon x2  
  76  5:57  Photon Cannon  
  76  5:58  Probe  
  76  6:02  Photon Cannon  
  76  6:04  Immortal (Chrono Boost)  
  81  6:08  Probe  
  81  6:10  Probe  
  83  6:15  Stalker x2  
  83  6:18  Sentry x2  
  91  6:25  Probe x2  
  93  6:28  Protoss Ground Weapons Level 1 (Chrono Boost), Protoss Ground Armor Level 1 (Chrono Boost)  
  93  6:37  Probe x2, Twilight Council  
  95  6:47  Zealot  
  95  6:48  Zealot x3  
  95  6:50  Pylon  
  95  6:54  Warp Prism  
  103  6:56  Probe  
  103  6:57  Probe  
  108  7:15  Probe x2  
  109  7:28  Probe x2  
  111  7:35  Nexus  
  111  7:36  Zealot  
  113  7:37  Zealot x2  
  117  7:44  Pylon  
  117  7:46  Probe  
  118  7:53  Pylon  
  118  7:54  Pylon  
  118  7:57  Pylon  
  118  7:59  Pylon  
  118  8:23  Zealot x4  
  124  8:27  Immortal  
  122  8:46  Zealot  
  122  8:47  Zealot x3  
  130  8:50  Probe x2  
  132  8:59  Gateway  
  132  9:01  Probe, Gateway  
  132  9:02  Probe x2  
  134  9:03  Gateway  
  134  9:06  Gateway  
  135  9:16  Immortal  
  139  9:39  Probe  
  139  9:40  Probe x2  
  142  9:49  Stargate  
  142  9:51  Stargate  
  142  9:54  Zealot x4  
  142  9:58  Immortal  
  154  10:04  Charge (Chrono Boost)  
  154  10:08  Probe x2  
  156  10:15  Assimilator  
  156  10:20  Assimilator  
  156  10:29  Pylon  
  156  10:30  Gateway  
  156  10:31  Pylon  
  156  10:33  Gateway  
  156  10:34  Pylon  
  156  10:35  Dark Shrine  
  156  10:37  Robotics Bay  
  126  11:05  Zealot x6  
  126  11:06  Zealot x2  
Show
View Real Time Build Order
Export as new Build Order

meeeela Terran - Winner!

Build Orders: MMM Bio 

Get SALT Encoding   

  12  0:00  SCV  
  13  0:22  Supply Depot, SCV  
  14  0:28  Refinery  
  14  0:34  SCV  
  15  0:46  Barracks  
  15  0:47  SCV  
  16  0:59  SCV  
  17  1:10  Refinery  
  17  1:11  SCV  
  18  1:23  SCV  
  19  1:33  Barracks Reactor  
  19  1:35  SCV  
  20  1:43  Supply Depot  
  20  1:48  SCV  
  21  2:00  SCV  
  22  2:10  Marine, Command Center  
  23  2:20  Marine  
  24  2:28  Marine  
  25  2:34  Factory  
  25  2:38  Marine  
  26  2:44  Orbital Command  
  26  2:48  Marine  
  27  3:06  Supply Depot  
  27  3:11  Marine x2  
  29  3:18  SCV  
  30  3:23  Orbital Command  
  30  3:29  Marine  
  30  3:30  SCV  
  32  3:42  Factory Tech Lab  
  32  3:43  SCV  
  33  3:51  Starport  
  33  3:53  Engineering Bay, Marine x2  
  35  4:02  Siege Tank  
  38  4:20  Marine x2  
  40  4:29  Barracks  
  40  4:31  Starport Reactor, Barracks  
  40  4:35  Terran Infantry Weapons Level 1  
  40  4:37  Missile Turret  
  40  4:43  SCV x2  
  42  4:52  Supply Depot  
  42  4:55  SCV x2  
  42  4:56  Marine x2  
  46  5:08  Medivac x2  
  50  5:19  Barracks Tech Lab x2  
  50  5:22  Supply Depot  
  50  5:24  Supply Depot, Marine x2  
  50  5:26  Siege Tank  
  50  5:28  SCV  
  56  5:31  Refinery  
  56  5:33  SCV  
  57  5:41  Stimpack  
  57  5:42  Combat Shields  
  57  5:45  Marauder  
  57  5:48  Marauder  
  61  5:53  Medivac  
  63  6:05  Supply Depot  
  63  6:06  Supply Depot  
  63  6:08  Marauder  
  63  6:09  Marauder  
  67  6:15  SCV x2  
  69  6:23  Missile Turret  
  69  6:30  Marauder, Medivac  
  73  6:35  Siege Tank  
  76  6:42  Refinery, SCV x2  
  78  6:54  SCV x2  
  80  7:06  SCV x2  
  80  7:08  Marine x2  
  84  7:14  Siege Tank  
  87  7:18  SCV x2  
  87  7:22  Terran Infantry Armor Level 1  
  89  7:24  Marine  
  89  7:25  Marine  
  89  7:27  Marauder  
  93  7:30  SCV  
  93  7:33  Supply Depot  
  94  7:37  Supply Depot  
  94  7:46  Concussive Shells  
  94  7:55  Siege Tank, SCV, Medivac x2  
  102  7:59  Factory, SCV  
  102  8:05  Starport  
  103  8:09  Marine  
  103  8:10  Marine x2  
  103  8:11  Marauder, Command Center  
  108  8:17  Supply Depot  
  102  8:35  Missile Turret  
  102  8:39  SCV  
  103  8:48  Supply Depot  
  103  8:51  SCV  
  104  8:55  Marine  
  104  8:56  Marine, Missile Turret  
  104  8:57  Starport Reactor  
  104  9:00  Siege Tank  
  104  9:02  Marauder x2  
  113  9:04  Factory Tech Lab  
  113  9:11  Supply Depot  
  113  9:13  Marine, SCV  
  113  9:16  Marine  
  116  9:24  Barracks x2  
  116  9:25  Siege Tank, SCV  
  120  9:31  Orbital Command  
  120  9:49  Medivac x2  
  120  9:51  Marine x3  
  120  9:52  Marauder  
  129  9:58  Supply Depot  
  129  10:09  Marauder  
  129  10:11  Medivac x2  
  129  10:12  Marine  
  129  10:13  Marauder, Marine  
  139  10:14  Barracks Tech Lab  
  139  10:16  Barracks Tech Lab  
  139  10:19  Orbital Command  
  139  10:24  Armory  
  138  11:05  SCV  
  139  11:14  Marine x2  
  139  11:15  Marine  
  139  11:16  Marauder, Marine  
  139  11:17  Marauder  
  139  11:18  SCV  
Tags
 
Add a new tag
Caveats
  • Supply blocks, unpowered buildings, or Contaminate may cause inaccurate times.
  • Supply counts are checked every 10 seconds.